 Dungeon Crawl Stone Soup version 0.20.1-1-g8b1a95d (webtiles) character file.

234 ninurtach the Chopper (level 5, -7/45 HPs)
             Began as a Minotaur Fighter on Nov 12, 2017.
             Killed by divine providence
             ... invoked by an orc priest
              (13 damage)
             ... on level 3 of the Dungeon on Nov 13, 2017.
             The game lasted 00:03:38 (1631 turns).

ninurtach the Chopper (Minotaur Fighter)            Turns: 1631, Time: 00:03:38

Health: -7/45      AC:  6    Str: 25    XL:     5   Next: 75%
Magic:  4/4        EV:  7    Int:  5    God:
Gold:   71         SH: 10    Dex: 11    Spells: 4/4 levels left

rFire    + . .     SeeInvis .   a - +0 war axe
rCold    x . .     Gourm    .   c - +0 shield
rNeg     . . .     Faith    .   b - +0 scale mail
rPois    .         Spirit   .   (helmet restricted)
rElec    .         Reflect  .   m - scarf {repulsion}
rCorr    .         Harm     .   (no gloves)
MR       .....                  (no boots)
Stlth    ..........             (no amulet)
Regen    0.2/turn               l - ring of fire
MPRegen  0.1/turn               (no ring)

@: mighty, repel missiles
A: retaliatory headbutt, horns 2
a: no special abilities


You were on level 3 of the Dungeon.
You were not hungry.

You visited 1 branch of the dungeon, and saw 3 of its levels.

You collected 71 gold pieces.

Inventory:

Hand Weapons
 a - a +0 war axe (weapon)
Armour
 b - a +0 scale mail (worn)
 c - a +0 shield (worn)
 m - a scarf of repulsion (worn)
 p - a scarf of cloud immunity
Jewellery
 l - a ring of fire (left hand)
Scrolls
 e - 5 scrolls of recharging {unknown}
 g - 2 scrolls of amnesia {unknown}
 j - 3 scrolls of identify {unknown}
 k - 3 scrolls of remove curse {unknown}
 o - a scroll of teleportation {unknown}
Potions
 h - 2 potions of magic {unknown}
 n - a potion of heal wounds {unknown}
Comestibles
 f - 2 bread rations
 i - 3 chunks of flesh


   Skills:
 - Level 3.6 Fighting
 + Level 7.3 Axes
 - Level 3.6 Armour
 - Level 3.6 Shields


You had 4 spell levels left.
You didn't know any spells.

Dungeon Overview and Level Annotations

Branches:
Dungeon (3/15)

Altars:


Innate Abilities, Weirdness & Mutations

You reflexively headbutt those who attack you in melee.
You have a pair of horns on your head.


Message History

The orc wizard hits you with a dagger.
You take 2 damage, and have 19/45 hp.
Spoiler Alert: The orc wizard might cast Slow, Confuse, or go Invisible!
You barely miss the orc wizard.
Warning x3: The orc wizard might cast Slow, Confuse, or go Invisible!
The orc priest can smite you! x2
Your shield and scale mail prevent you from hitting the orc wizard.
You headbutt the orc wizard!
You kill the orc wizard!
Your Axes skill increases to level 7!
The orc priest invokes the aid of Beogh against you.
Beogh smites you!
* * * LOW HITPOINT WARNING * * *
You take 14 damage, and have 5/45 hp.
MASSIVE DAMAGE!!
Warning x2: The orc priest can smite you! x2
You slash the orc priest! You headbutt the orc priest.
You kill the orc priest!
You hit the orc priest.
The orc priest mumbles some strange prayers to Beogh against you.
Beogh smites you!
You die...

#.#.##.# .....#
#...##.# ..... #..###.#
.... #..# #.# ### ...
#.#..###.# #.. ..
#........# #.# .# .#
####.#.### #.###.#...##
###....#####.#)o.......
+.............@#.......
###....#####...#.......
#....# ###.#.......
#....# #.#.o...oo
##...# #.#...ooo. ##.##
#.#....... #.
#.#.o..... #. #.# #.#


You could see an orc priest.

Vanquished Creatures
  3 orc priests (D:3)
  Jessica (D:3)
  An orc wizard (D:3)
  2 adders
  An ooze (D:1)
  2 worms (D:2)
  3 dart slugs
  A leopard gecko (D:3)
  3 orcs (D:3)
  2 giant cockroaches
  4 hobgoblins
  12 jackals (D:2)
  5 bats
  5 frilled lizards
  7 goblins
  5 kobolds
  3 rats
60 creatures vanquished.

Notes
Turn   | Place    | Note
-------+----------+-------------------------------------------
     0 | D:1      | ninurtach the Minotaur Fighter began the quest for the Orb.
     0 | D:1      | Reached XP level 1. HP: 19/19 MP: 0/0
    97 | D:1      | Reached skill level 3 in Axes
   120 | D:1      | Reached XP level 2. HP: 18/26 MP: 1/1
   354 | D:1      | Reached skill level 4 in Axes
   667 | D:2      | Reached XP level 3. HP: 18/31 MP: 2/2
  1007 | D:2      | Reached skill level 5 in Axes
  1253 | D:2      | Reached XP level 4. HP: 39/39 MP: 3/3
  1613 | D:3      | Noticed Jessica
  1616 | D:3      | Killed Jessica
  1616 | D:3      | Reached skill level 6 in Axes
  1622 | D:3      | Reached XP level 5. HP: 20/45 MP: 4/4
  1626 | D:3      | Reached skill level 7 in Axes
  1631 | D:3      | Killed from afar by an orc priest

Skill      XL: |  1  2  3  4  5 |
---------------+----------------+-----
Axes           | 3 4 5 6 7 |  7.3
Fighting       | |  3.6
Armour         | |  3.6
Shields        | |  3.6

Action                   |  1- 3 |  4- 6 || total
-------------------------+-------+-------++-------
Melee: War axe           |   121 |    30 ||   151
       Headbutt          |    10 |     5 ||    15
  Use: Potion            |       |     1 ||     1
  Eat: Chunk             |     1 |     2 ||     3
Armor: Scale mail        |    46 |    15 ||    61
Dodge: Dodged            |    35 |    13 ||    48
Block: Shield            |    55 |    10 ||    65
